 Dungeon Crawl Stone Soup version 0.22.1-5-g62c59d9 (webtiles) character file.

10430 lorenzova the Thaumaturge (level 11, -17/54 HPs)
             Began as a Deep Elf Conjurer on Jan 15, 2019.
             Was an Elder of Vehumet.
             Hit by a javelin of penetration thrown by a minotaur (37 damage)
             ... in a labyrinth.
             The game lasted 00:45:33 (16613 turns).

lorenzova the Thaumaturge (Deep Elf Conjurer)      Turns: 16613, Time: 00:45:35

Health: -17/54     AC:  6    Str:  5    XL:     11   Next: 36%
Magic:  9/30       EV: 12    Int: 24    God:    Vehumet [****..]
Gold:   568        SH:  0    Dex: 15    Spells: 10/36 levels left

rFire    . . .     SeeInvis .   e - staff of poison
rCold    . . .     Gourm    .   (no shield)
rNeg     . . .     Faith    .   F - +0 troll leather armour
rPois    +         Spirit   .   o - +0 hat {MR+}
rElec    .         Reflect  .   y - +0 cloak
rCorr    .         Harm     .   (no gloves)
MR       ++...                  H - +0 pair of boots
Stlth    ++........             (no amulet)
HPRegen  0.58/turn              k - ring of flight
MPRegen  0.22/turn              (no ring)

@: no status effects
A: no striking features
a: Renounce Religion, Evoke Flight


You were in a labyrinth.
You worshipped Vehumet.
Vehumet was greatly pleased with you.
You were not hungry.

You visited 3 branches of the dungeon, and saw 12 of its levels.
You also visited: Labyrinth.

You collected 568 gold pieces.

Inventory:

Hand Weapons
 m - a +0 dagger
 r - a +0 hand axe of electrocution
Armour
 a - a +0 robe
 o - a +0 hat of magic resistance (worn)
 y - a +0 cloak (worn)
 F - a +0 troll leather armour (worn)
 H - a +0 pair of boots (worn)
Magical Staves
 e - an uncursed staff of poison (weapon)
Jewellery
 g - an uncursed amulet of harm
 k - a ring of flight (left hand)
 J - an uncursed ring of stealth {unknown}
Wands
 q - a wand of digging (10)
 s - a wand of enslavement (8)
 w - a wand of flame (31)
 A - a wand of acid (13)
 G - a wand of random effects (9)
Scrolls
 b - 4 scrolls of teleportation
 d - 5 scrolls of identify
 f - 4 scrolls of remove curse
 h - a scroll of fear {unknown}
 i - 3 scrolls of blinking
 j - a scroll of immolation {unknown}
 t - 2 scrolls of magic mapping {unknown}
 u - 2 scrolls of enchant armour {unknown}
 x - a scroll of fog {unknown}
 D - a scroll of enchant weapon {unknown}
 E - a scroll of amnesia {unknown}
 I - a scroll of summoning {unknown}
 K - a scroll of noise {unknown}
Potions
 l - 2 potions of mutation
 n - a potion of lignification
 p - a potion of flight
 v - a potion of cancellation
 z - a potion of might
 B - a potion of curing
 C - a potion of heal wounds
Comestibles
 c - 12 rations


   Skills:
 - Level 2.4 Dodging
 - Level 2.4 Stealth
 * Level 13.2 Spellcasting
 * Level 11.8 Conjurations
 - Level 7.6 Hexes
 + Level 4.5 Charms
 + Level 5.7 Fire Magic
 + Level 5.2 Air Magic
 + Level 3.3 Poison Magic


You had 10 spell levels left.
You knew the following spells:

 Your Spells              Type           Power        Failure   Level  Hunger
a - Magic Dart            Conj           ####         1%          1    None
b - Searing Ray           Conj           ######       1%          2    None
c - Iskenderun's Mystic   Conj           ######..     1%          4    None
d - Fulminant Prism       Conj/Hex       ######....   1%          4    None
j - Swiftness             Chrm/Air       #####...     1%          2    None
l - Lightning Bolt        Conj/Air       ######....   1%          5    ###....
m - Mephitic Cloud        Conj/Pois/Air  ######..     1%          3    None
q - Blink                 Tloc           N/A          10%         2    None
z - Conjure Flame         Conj/Fire      ######..     1%          3    None

Your spell library contained the following spells:

 Spells                   Type           Power        Failure   Level  Hunger
 Infusion                 Chrm           ####         1%          1    None
 Sandblast                Erth           ###...       1%          1    None
 Poisonous Vapours        Pois/Air       ######       1%          2    None
 Slow                     Hex            ######..     1%          2    None
 Song of Slaying          Chrm           #####...     1%          2    None
 Dazzling Spray           Conj/Hex       ######       1%          3    None
 Stone Arrow              Conj/Erth      #####.       1%          3    None
 Force Lance              Conj/Tloc      #####...     1%          4    None
 Airstrike                Air            #####.....   2%          4    None
 Animate Skeleton         Necr           N/A          6%          1    None
 Pain                     Necr           ###.         6%          1    None
 Regeneration             Chrm/Necr      ####......   8%          3    None
 Call Imp                 Summ           ###.....     10%         2    None
 Passwall                 Tmut/Erth      ###.....     10%         2    None
 Vampiric Draining        Necr           ###.......   19%         3    None
 Lee's Rapid Deconstruct  Erth           ###.......   41%         5    ###....
 Animate Dead             Necr           N/A          54%         4    None
 Petrify                  Tmut/Erth      ###.....     54%         4    None
 Tornado                  Air            #####.....   100%        9    #######


Dungeon Overview and Level Annotations

Branches:
Dungeon (10/15)            Temple (1/1) D:6            Lair (1/6) D:9
    Orc: D:9-12

Altars:
Ashenzari
Cheibriados
Dithmenos
Elyvilon
Fedhas
Gozag
Hepliaklqana
Kikubaaqudgha
Makhleb
Nemelex Xobeh
Okawaru
Qazlal
Ru
Sif Muna
Trog
Uskayaw
Vehumet
Wu Jian
Xom
Yredelemnul
Zin
The Shining One

Shops:
D:8 }}

Annotations:
D:8 2 transporters, Joseph; Tr0llz0r's ghost, novice HOFi
Lair:1 exclusion: oklob plant


Message History

Press: ? - help, Shift-Dir - straight line, f - minotaur
Aim: a minotaur, wearing a plate armour (heavily wounded)
You feel a surge of power!
The ball explodes into a vile cloud!
The stinking cloud engulfs the minotaur.
The minotaur is heavily wounded.
The minotaur is engulfed in noxious fumes.
The minotaur throws a javelin of penetration.
The javelin of penetration closely misses you.
Casting: Mephitic Cloud (safe; 1% risk of failure)
Confirm with . or Enter, or press ? or * to list all spells.
Aiming: Iskenderun's Mystic Blast (safe; 1% risk of failure)
Press: ? - help, Shift-Dir - straight line, f/p - minotaur
Aim: a minotaur, wearing a plate armour (noxious fumes, heavily wounded)
The orb of energy hits the minotaur.
The minotaur is heavily wounded.
The minotaur is engulfed in noxious fumes.
The minotaur throws a javelin of penetration.
The javelin of penetration pierces through you!!!
Ouch! That really hurt!
You die...

.# # ### ###
.# .# . .# .#
# #.# # #.#
#.# .#. #.#..
# . # # # # #
#.#..# . .#.
## # .#. ....
.. .#...#
#...#.#######.
# ...#.#@(...#
.# ## .#.###.#
.# . .#. .#§#
#.#. . # # #
#. #.# #.#.#.#
# . .# #§#
#.#.. # . #
#.#§H #.# ###.
# # #.#####. .
# # # . ..
..#. # # #
#### #### #


You could see a minotaur.

Vanquished Creatures
  Harold (D:9)
  2 two-headed ogres
  A death knight (D:10)
  An ugly thing (D:10)
  Psyche (D:8)
  A gargoyle (D:10)
  A hornet (D:8)
  A hippogriff (Lair:1)
  A wraith (D:10)
  2 vampires
  A spriggan (D:7)
  3 wyverns
  2 hungry ghosts
  Menkaure (D:6)
  A water moccasin (D:6)
  2 ice beasts
  7 orc warriors
  2 centaurs
  4 ogres
  3 phantoms
  A crocodile (D:10)
  7 bullfrogs
  A gnoll sergeant (D:10)
  3 scorpions
  7 killer bees
  2 howler monkeys
  6 crimson imps
  2 bullfrog zombies
  5 quasits
  10 orc priests
  2 jellies
  2 bullfrog skeletons
  5 hounds
  15 orc wizards
  Crazy Yiuf (D:3)
  4 centaur skeletons
  4 iguanas
  9 worker ants
  A hound zombie (D:9)
  3 hound skeletons
  2 worker ant zombies
  9 gnolls
  12 adders
  5 shadow imps
  2 oozes
  2 adder skeletons
  4 dart slugs
  5 worms
  7 leopard geckos
  49 orcs
  3 giant cockroaches
  3 goblins
  3 hobgoblins
  3 jackals (D:4)
  2 quokkas
  4 bats
  3 frilled lizards
  6 kobolds
  A leopard gecko skeleton (D:7)
  A leopard gecko zombie (D:5)
  3 quokka skeletons
  6 rats
  2 fulminant prisms
265 creatures vanquished.

Vanquished Creatures (others)
  A quokka (D:9)
  41 fulminant prisms
42 creatures vanquished.

Grand Total: 307 creatures vanquished

Notes
Turn   | Place    | Note
-------+----------+-------------------------------------------
     0 | D:1      | lorenzova the Deep Elf Conjurer began the quest for the
                  | Orb.
     0 | D:1      | Reached XP level 1. HP: 10/10 MP: 6/6
   552 | D:1      | Reached XP level 2. HP: 15/15 MP: 5/8
   556 | D:1      | Learned a level 2 spell: Searing Ray
  1101 | D:2      | Reached skill level 4 in Spellcasting
  1180 | D:2      | Reached skill level 5 in Conjurations
  1180 | D:2      | Reached XP level 3. HP: 19/19 MP: 5/10
  1619 | D:2      | Found a bloodstained altar of Trog.
  2224 | D:3      | Reached XP level 4. HP: 24/24 MP: 8/12
  2230 | D:3      | Learned a level 4 spell: Iskenderun's Mystic Blast
  2324 | D:3      | Found a runed door.
  2617 | D:3      | Found a shimmering altar of Xom.
  2636 | D:3      | Reached skill level 5 in Spellcasting
  2730 | D:3      | Reached XP level 5. HP: 28/28 MP: 4/14
  2874 | D:3      | You fall through a shaft for 3 floors!
  2878 | D:6      | Reached skill level 6 in Spellcasting
  2915 | D:6      | Noticed an ogre
  3126 | D:6      | Reached XP level 6. HP: 32/32 MP: 13/17
  3156 | D:6      | Learned a level 4 spell: Fulminant Prism
  3157 | D:6      | Found a staircase to the Ecumenical Temple.
  3210 | Temple   | Entered the Ecumenical Temple
  3239 | Temple   | Became a worshipper of Vehumet
  3272 | D:6      | Reached skill level 1 in Hexes
  3441 | D:5      | Entered Level 5 of the Dungeon
  3605 | D:5      | Reached skill level 7 in Spellcasting
  3807 | D:6      | Reached XP level 7. HP: 36/36 MP: 10/19
  4577 | D:4      | Reached * piety under Vehumet
  4577 | D:4      | Offered knowledge of Shock by Vehumet.
  4951 | D:4      | Reached skill level 8 in Spellcasting
  4992 | D:4      | Found a blossoming altar of Fedhas.
  5007 | D:4      | Learned a level 3 spell: Conjure Flame
  5011 | D:4      | Learned a level 3 spell: Mephitic Cloud
  5176 | D:4      | Found a sacrificial altar of Ru.
  5883 | D:4      | Found a deep blue altar of Sif Muna.
  5883 | D:4      | Found a white marble altar of Elyvilon.
  5888 | D:4      | Learned a level 2 spell: Blink
  6108 | D:3      | Noticed Crazy Yiuf
  6113 | D:3      | Killed Crazy Yiuf
  6619 | D:5      | Reached XP level 8. HP: 41/41 MP: 11/22
  6956 | D:6      | Noticed Menkaure
  6962 | D:6      | Killed Menkaure
  7023 | D:6      | Reached skill level 9 in Spellcasting
  7067 | D:6      | Offered knowledge of Freeze by Vehumet.
  7201 | D:6      | Identified Maenias's Tome of Boosting Lightness
  7206 | D:6      | Learned a level 2 spell: Swiftness
  7219 | D:6      | Reached ** piety under Vehumet
  7465 | D:6      | Reached skill level 1 in Fire Magic
  7482 | D:6      | Reached skill level 1 in Air Magic
  7607 | D:6      | Reached skill level 5 in Hexes
  7701 | D:6      | Reached skill level 10 in Spellcasting
  8067 | D:6      | Reached XP level 9. HP: 45/45 MP: 12/25
  8441 | D:7      | Offered knowledge of Ignite Poison by Vehumet.
  9368 | D:8      | Reached skill level 10 in Conjurations
  9371 | D:8      | Reached *** piety under Vehumet
  9371 | D:8      | Reached skill level 11 in Spellcasting
  9430 | D:8      | Noticed a two-headed ogre
  9440 | D:8      | Killed a two-headed ogre
  9440 | D:8      | Reached XP level 10. HP: 50/50 MP: 6/27
  9620 | D:8      | Offered knowledge of Olgreb's Toxic Radiance by Vehumet.
  9901 | D:8      | Found a transporter.
  9917 | D:8      | Noticed Tr0llz0r's ghost (novice HOFi)
  9933 | D:8      | Found a transporter.
  9950 | D:8      | Found Ocliapsa's Gadget Shoppe.
 10112 | D:8      | Found Nisuxt's Gadget Shop.
 10124 | D:8      | Noticed Psyche
 10133 | D:8      | Killed Psyche
 10289 | D:8      | Noticed Joseph
 11478 | D:9      | Found a basalt altar of Yredelemnul.
 11487 | D:9      | Reached skill level 12 in Spellcasting
 11630 | D:9      | Reached skill level 1 in Charms
 11808 | D:9      | Found a white marble altar of Elyvilon.
 12028 | D:9      | Reached skill level 1 in Poison Magic
 12108 | D:9      | Found a staircase to the Lair.
 12149 | D:9      | Noticed Harold
 12296 | D:9      | Killed Harold
 13256 | D:10     | Entered Level 10 of the Dungeon
 13467 | D:10     | Reached skill level 5 in Fire Magic
 13527 | D:10     | Reached **** piety under Vehumet
 13796 | D:10     | Noticed a gargoyle
 13798 | D:10     | Killed a gargoyle
 13898 | D:10     | Offered knowledge of Lightning Bolt by Vehumet.
 13898 | D:10     | Reached XP level 11. HP: 48/54 MP: 21/29
 13905 | D:10     | Learned a level 5 spell: Lightning Bolt
 14009 | D:10     | Noticed a two-headed ogre
 14140 | D:10     | Killed a two-headed ogre
 14514 | D:10     | Reached skill level 13 in Spellcasting
 14902 | D:10     | Noticed a death knight
 14902 | D:10     | Noticed a brown ugly thing
 14920 | D:10     | Killed a brown ugly thing
 14920 | D:10     | Reached skill level 5 in Air Magic
 15039 | D:10     | Killed a death knight
 15946 | Lair:1   | Entered Level 1 of the Lair of Beasts
 15962 | Lair:1   | Noticed an oklob plant
 16038 | Lair:1   | Found a labyrinth entrance.
 16112 | Lab      | Entered a labyrinth
 16605 | Lab      | Noticed a minotaur
 16613 | Lab      | Hit by a javelin of penetration thrown by a minotaur

Skill      XL: |  1  2  3  4  5  6  7  8  9 10 11 |
---------------+----------------------------------+-----
Spellcasting   | 4 5 6 7 8 10 11 12 13 | 13.2
Conjurations   | 5 6 7 8 9 10 11 | 11.8
Hexes          | 2 3 5 6 7 |  7.6
Fire Magic     | 1 3 5 |  5.7
Air Magic      | 1 3 4 5 |  5.2
Charms         | 3 4 |  4.5
Poison Magic   | 2 3 |  3.3
Dodging        | |  2.4
Stealth        | |  2.4

Action                   |  1- 3 |  4- 6 |  7- 9 | 10-12 || total
-------------------------+-------+-------+-------+-------++-------
Melee: Unarmed           |    69 |       |       |       ||    69
       Dagger            |       |     1 |       |       ||     1
       Hand axe          |       |       |     4 |    11 ||    15
       Staff             |       |       |     1 |       ||     1
 Cast: Magic Dart        |    76 |    73 |   208 |   179 ||   536
       Searing Ray       |       |     4 |     4 |     3 ||    11
       Iskenderun's Myst |       |     1 |    43 |    81 ||   125
       Fulminant Prism   |       |     1 |    17 |    25 ||    43
       Mephitic Cloud    |       |       |     7 |    20 ||    27
       Conjure Flame     |       |       |     1 |       ||     1
Evoke: Wand              |       |       |       |     6 ||     6
  Use: Scroll            |       |       |     5 |     5 ||    10
       Potion            |       |       |     1 |       ||     1
 Stab: Sleeping          |       |     1 |       |       ||     1
  Eat: Chunk             |     4 |     1 |    19 |     9 ||    33
       Ration            |       |     1 |       |     4 ||     5
Armor: Robe              |     1 |     2 |     5 |    35 ||    43
       Troll leather arm |       |       |       |     2 ||     2
Dodge: Dodged            |     3 |    10 |    42 |    92 ||   147
